 Dungeon Crawl Stone Soup version 0.31-a0-40-g1d5085d191 (webtiles) character file.

Game seed: 14548012933993588358

213 holysushi the Cutter (level 5, 0/36 HPs)
             Began as an Octopode Monk on May 18, 2023.
             Slain by an ogre
             ... wielding a +0 giant club
              (28 damage)
             ... on level 4 of the Dungeon.
             The game lasted 00:03:40 (2349 turns).

holysushi the Cutter (Octopode Monk)                Turns: 2349, Time: 00:03:41

Health: 0/36       AC:  1    Str: 10 (11) XL:     5   Next: 90%
Magic:  5/5        EV: 13    Int: 11 (12) God:
Gold:   237        SH:  0    Dex: 13 (16) Spells: 4/4 levels left

rFire   . . .        a - +6 rapier (drain)
rCold   . . .        c - orb {light}
rNeg    . . .        (helmet restricted)
rPois   .            (no amulet)
rElec   .            (no ring)
rCorr   .            (no ring)
SInv    .            (no ring)
Will    .....        (no ring)
Stlth   +            (no ring)
HPRegen 0.26/turn    (no ring)
MPRegen 0.09/turn    (no ring)
                     (no ring)

%: no passive effects
@: brilliant, hasted, glowing, very quick
A: almost no armour, amphibious, 8 rings, camouflage 1, gelatinous body 1,
(nimble swimmer 1), tentacles
a: no special abilities


You were on level 4 of the Dungeon.
You visited 1 branch of the dungeon, and saw 4 of its levels.

You collected 237 gold pieces.

Inventory:

Hand Weapons
 a - a +6 rapier of draining (weapon)
 j - a +0 short sword
Armour
 c - an orb of light (worn)
Scrolls
 d - a scroll of noise {unknown}
 e - a scroll of immolation {unknown}
 f - a scroll of fear {unknown}
 g - a scroll of torment {unknown}
 h - a scroll of identify {unknown}
 k - a scroll of blinking {unknown}
 l - a scroll of poison {unknown}
 p - a scroll of enchant armour {unknown}
Potions
 b - a potion of ambrosia
 n - 3 potions of brilliance


   Skills:
 - Level 3.0 Fighting
 + Level 6.4 Short Blades
 - Level 3.0 Dodging


You had 4 spell levels left.
You didn't know any spells.
Your spell library was empty.

Dungeon Overview and Level Annotations

Branches:
Dungeon (4/15) Zot: 21685
 Temple: D:4-7

Altars:
Ashenzari
Cheibriados
Hepliaklqana


Innate Abilities, Weirdness & Mutations

You cannot wear most types of armour.
You are amphibious.
You can wear up to eight rings at the same time.
Your skin changes colour to match your surroundings (Stealth+).
Your rubbery body absorbs attacks. (AC +1, EV +1)
((You are camouflaged when in or above water. (Stealth+)))
You have tentacles for arms and can constrict up to eight enemies at once.


Message History

You are confused.
You are too confused!
You are too confused!
You bump into the rock wall.
The orc wizard casts a spell at you. You resist with some effort.
You bump into the rock wall.
The orc wizard points at you and mumbles some strange words.
You are more confused.
You're too confused to move!
An orc comes into view. It is wielding a +0 falchion.
You bump into the rock wall.
The orc shouts!
The orc wizard hits you with a +0 dagger.
It was a potion of haste.
You feel yourself speed up. The orc wizard barely misses you.
It was a potion of degeneration.
There was something very wrong with that liquid.
You feel weakened.
You feel dopey.
You feel clumsy.
The orc wizard hits you with a +0 dagger.
It was a potion of brilliance.
You feel clever all of a sudden.
It was a potion of curing.
You feel better.
The orc wizard gestures at you while chanting.
The puff of flame hits you!
You barely miss the orc wizard. You grab the orc wizard.
You squeeze the orc wizard, but do no damage.
You constrict the orc wizard. The orc wizard barely misses you.
You hit the orc wizard. You drain the orc wizard.
The orc wizard is severely wounded.
You constrict the orc wizard. You hit the orc wizard.
You kill the orc wizard!
You puncture the ogre!
The ogre is moderately wounded.
You hit the ogre.
The ogre is heavily wounded.
The ogre hits you with a +0 giant club!!
Ouch! That really hurt!
You die...

# # #
##################
.................#
.###############.#
....... #.#
#...... #@#
#...... #O#
....... #)#
#...... #.o
....... ....
.....## #....
#....# ......
.....# .......
....... ###.....


You could see an ogre and an orc wizard.

Vanquished Creatures
  A hound (D:3)
  An orc priest (D:3)
  3 orc wizards
  An adder (D:3)
  A dart slug (D:3)
  6 orcs (D:3)
  6 endoplasms
  4 giant cockroaches
  5 goblins
  3 hobgoblins
  8 jackals
  4 ball pythons
  7 bats
  2 frilled lizards
  4 kobolds
  4 rats
60 creatures vanquished.

Notes
Turn   | Place    | Note
-------+----------+-------------------------------------------
     0 | D:1      | holysushi the Octopode Monk began the quest for the Orb.
     0 | D:1      | Reached XP level 1. HP: 16/16 MP: 1/1
   201 | D:1      | Reached XP level 2. HP: 20/21 MP: 2/2
   532 | D:1      | Reached skill level 4 in Short Blades
   568 | D:1      | Reached XP level 3. HP: 26/26 MP: 3/3
  1028 | D:2      | Found a faded altar of an unknown god.
  1370 | D:2      | Found a snail-covered altar of Cheibriados.
  1456 | D:3      | Reached XP level 4. HP: 31/31 MP: 4/4
  1514 | D:3      | Reached skill level 5 in Short Blades
  1703 | D:3      | Reached XP level 5. HP: 23/36 MP: 5/5
  1910 | D:3      | Found a broken altar of Ashenzari.
  1918 | D:3      | Found a hazy altar of Hepliaklqana.
  2061 | D:3      | Reached skill level 6 in Short Blades
  2297 | D:4      | Identified a scroll of acquirement
  2297 | D:4      | Acquired a +6 rapier of draining
  2335 | D:4      | Noticed an ogre
  2349 | D:4      | Slain by an ogre

Illustrated notes

Levels and vault maps discovered:
D:1:      kilobyte_arrival_exit_the_forest, layout_basic
D:2:      layout_basic, ebering_ecumenical_altar_petrified, basic_altar,
          minmay_misc_feat_roman, minmay_misc_feat_encased
D:3:      layout_loops_ring, amethyst_overflow_temple_binary
D:4:      layout_basic, fedhas_altar_2, serial_shops, shop, shop

Skill      XL: |  1  2  3  4  5 |
---------------+----------------+-----
Short Blades   | 4 5 6 |  6.4
Fighting       | |  3.0
Dodging        | |  3.0

Action                     |  1- 3 |  4- 6 || total
---------------------------+-------+-------++-------
  Melee: Short sword       |    61 |    64 ||   125
         Constrict         |    20 |    21 ||    41
         Tentacles         |    12 |    20 ||    32
         Punch             |     1 |     3 ||     4
         Rapier            |       |     5 ||     5
    Use: Potion            |       |     4 ||     4
         Scroll            |       |     2 ||     2
   Stab: Sleeping          |     4 |     1 ||     5
 Armour: Skin              |     8 |     4 ||    12
  Dodge: Dodged            |    21 |    29 ||    50

Table legend: (Time is in decaauts)
 A = Elapsed time spent in this place.
 B = Non-inter-level travel time spent in this place.
 C = Inter-level travel time spent in this place.
 D = Time resting spent in this place.
 E = Time spent auto-exploring this place.
 F = Levels seen in this place.
 G = Mean time per level.
                   A        B        C        D        E       F      G
               +--------+--------+--------+--------+--------+-----+--------+
         Total |   2313 |   2221 |     92 |    154 |   1696 |   4 |  578.2 |
       Dungeon |   2313 |   2221 |     92 |    154 |   1696 |   4 |  578.2 |
               +--------+--------+--------+--------+--------+-----+--------+

Top non-repeatable levels by time:
     D:1: 851 daAuts
     D:3: 843 daAuts
     D:2: 568 daAuts
     D:4: 50 daAuts
